 Dungeon Crawl Stone Soup version 0.29.1-1-gd02db6906a (webtiles) character file.

Game seed: 5801928510138938737

0 fireball365 the Sneak (level 1, -15/20 HPs)
             Began as a Minotaur Delver on Oct 22, 2022.
             Demolished by a wight
             ... wielding a +3 battleaxe
              (18 damage)
             ... in an ossuary.
             The game lasted 00:00:29 (103 turns).

fireball365 the Sneak (Minotaur Delver)              Turns: 103, Time: 00:00:29

Health: -15/20     AC:  3    Str: 16    XL:     1   Next: 8%
Magic:  0/0        EV: 11    Int:  7    God:
Gold:   0          SH:  0    Dex: 11    Spells: 0/0 levels left

rFire   . . .      SeeInvis .   a - +0 hand axe
rCold   . . .      Faith    .   (no shield)
rNeg    . . .      Spirit   .   b - +0 leather armour
rPois   .          Reflect  .   (helmet restricted)
rElec   .          Harm     .   (no cloak)
rCorr   .          Rampage  .   (no gloves)
Will    .....                   (no boots)
Stlth   ++........              (no amulet)
HPRegen 0.06/turn               (no ring)
MPRegen 0.07/turn               (no ring)

@: no status effects
A: horns 2, retaliatory headbutt
a: no special abilities


You were in an ossuary.
You visited 1 branch of the dungeon, and saw 1 of its levels.
You also visited: Ossuary.

Inventory:

Hand Weapons
 a - a +0 hand axe (weapon)
Armour
 b - a +0 leather armour (worn)
Wands
 g - a wand of digging (3)
Scrolls
 c - a scroll of fog
 d - a scroll of magic mapping
 e - a scroll of fear
Potions
 f - a potion of haste


   Skills:
 + Level 3.7 Fighting
 + Level 2.4 Axes
 + Level 2.1 Dodging
 + Level 4.1 Stealth


You couldn't memorise any spells.
You didn't know any spells.
Your spell library contained the following spells:

 Spells                   Type           Power      Damage    Failure   Level
 Anguish                  Hex/Necr       0%         N/A       99%         4
 Enfeeble                 Hex            0%         N/A       100%        7


Dungeon Overview and Level Annotations

Branches:
Dungeon (5/15)            Ossuary (1/1)
 Temple: D:4-7

Altars:


Innate Abilities, Weirdness & Mutations

You have a pair of horns on your head.
You reflexively headbutt those who attack you in melee.


Message History

There is an open door here.
You hear the slow hiss of an avalanche of sand.
Found a war axe.
Found 11 gold pieces.
Found a sand-covered staircase.
A rat zombie and a goblin zombie come into view.
There is a sand-covered staircase here.
The world spins around you as you enter the gateway.
You enter an ossuary!
Found a gate leading back out of this place.
There is an empty arch of ancient stone here.
As you open the door, it creaks loudly!
There is an open door here.
You open the door.
An orc zombie comes into view.
There is an open door here.
The helpless orc zombie fails to defend itself.
You hit the orc zombie.
The orc zombie is moderately damaged.
The orc zombie barely misses you.
You barely miss the orc zombie.
The orc zombie is moderately damaged.
The orc zombie hits you but does no damage.
You hit the orc zombie. You headbutt the orc zombie.
The orc zombie is severely damaged.
The orc zombie hits you but does no damage.
You hit the orc zombie.
You destroy the orc zombie!
There is an open door here.
You open the door.
A wight comes into view. It is wielding a +3 battleaxe.
You hit the wight but do no damage. The wight hits you with a +3 battleaxe!
Ouch! That really hurt!
* * * LOW HITPOINT WARNING * * *
You hit the wight.
The wight is lightly damaged.
The wight misses you. You furiously retaliate!
You headbutt the wight.
The wight hits you with a +3 battleaxe!!
Ouch! That really hurt!
You die...

#.# +.+ #.# +.+ #.# +.+
###.### #.z@'.# ###'###
##...## ## ##.....####
###. ##.......#.#
######...
#..........###...#...∩
#............#.###.....
#..........#..## ##....
#..#.#....##### ##..∩


You could see a wight.

Vanquished Creatures
  An orc zombie (Ossuary)
1 creature vanquished.

Notes
Turn   | Place    | Note
-------+----------+-------------------------------------------
     0 | D:5      | fireball365 the Minotaur Delver began the quest for the
                  | Orb.
     0 | D:5      | Reached XP level 1. HP: 19/19 MP: 0/0
    58 | D:5      | Found a sand-covered staircase.
    66 | Ossuary  | Entered an ossuary
   101 | Ossuary  | Noticed a wight
   103 | Ossuary  | Demolished by a wight

Illustrated notes

Levels and vault maps discovered:
D:5:      wander_river, layout_gridville, nicolae_tso_carved_into_rock,
          enter_ossuary_4
Ossuary:  ossuary_due_cavern

Action                   || total
-------------------------++-------
Melee: Hand axe          ||     6
       Headbutt          ||     1
 Stab: Sleeping          ||     1
Armor: Leather armour    ||     2
Dodge: Dodged            ||     2
